 Dungeon Crawl Stone Soup version 0.24-a0-630-g0d56a851f4 (webtiles) character file.

Game seed: 2615461597518729055, levelgen mode: deterministic

340 Erlindor the Magician (level 6, 0/32 HPs)
             Began as a Vampire Ice Elementalist on Sept 19, 2019.
             Slain by a centaur skeleton (7 damage)
             ... on level 4 of the Dungeon.
             The game lasted 00:27:27 (5397 turns).

Erlindor the Magician (Vampire Ice Elementalist)    Turns: 5397, Time: 00:27:27

Health: 0/32       AC:  3    Str:  2 (8)  XL:     6   Next: 30%
Magic:  9/13       EV: 12    Int: 13 (19) God:
Gold:   209        SH:  0    Dex:  9 (14) Spells: 12/15 levels left

rFire    . . .     SeeInvis +   f - -1 hand axe (curse)
rCold    + + .     Gourm    .   (no shield)
rNeg     + + +     Faith    .   n - +0 robe {Archmagi}
rPois    ∞         Spirit   .   p - +0 helmet
rElec    .         Reflect  .   (no cloak)
rCorr    .         Harm     .   (no gloves)
MR       .....                  (no boots)
Stlth    ++++......             r - amulet of the acrobat
HPRegen  0.00/turn              (no ring)
MPRegen  0.13/turn              (no ring)

@: bloodless, regenerating quickly
A: no food, fangs 3, see invisible, [frail 1], unbreathing
a: Bat Form, Revivify


You were on level 4 of the Dungeon.
You were bloodless.

You visited 1 branch of the dungeon, and saw 4 of its levels.
You also visited: Sewer.

You collected 209 gold pieces.

Inventory:

Hand Weapons
 f - a cursed -1 hand axe (weapon)
 l - a +1 dagger
 o - a +0 hunting sling
Armour
 n - a +0 robe of the Archmagi (worn)
 p - a +0 helmet (worn)
Jewellery
 r - an amulet of the acrobat (around neck)
Scrolls
 a - a scroll of amnesia
 b - 5 scrolls of teleportation
 h - 5 scrolls of identify
 m - a scroll of fog
 q - a scroll of blinking
Potions
 c - 2 potions of invisibility {unknown}
 d - a potion of mutation {unknown}
 e - a potion of heal wounds {unknown}
 g - 8 potions of flight
 i - 3 potions of curing {unknown}
 j - 2 potions of brilliance {unknown}
 k - 2 potions of lignification {unknown}


   Skills:
 - Level 3.0 Fighting
 - Level 2.1 Dodging
 - Level 3.0 Stealth
 * Level 5.2 Spellcasting
 + Level 0.7 Conjurations
 + Level 3.0 Ice Magic


You had 12 spell levels left.
You knew the following spells:

 Your Spells              Type           Power        Failure   Level  Hunger
a - Freeze                Ice            ###.         5%          1    N/A
b - Throw Frost           Conj/Ice       ##....       13%         2    N/A

Your spell library contained the following spells:

 Spells                   Type           Power        Failure   Level  Hunger
 Ozocubu's Armour         Chrm/Ice       ##......     28%         3    N/A
 Throw Icicle             Conj/Ice       ##......     63%         4    N/A
 Summon Ice Beast         Ice/Summ       ##......     67%         4    N/A

Dungeon Overview and Level Annotations

Branches:
Dungeon (4/15)              Sewer (visited)
 Temple: D:4-7

Altars:

Annotations:
D:3 3 runed translucent doors, heinrich's ghost, amateur VSWr


Innate Abilities, Weirdness & Mutations

You do not eat.
You do not regenerate when monsters are visible.
You are frail without blood (-20% HP).
You are immune to poison.
You have razor-sharp teeth.
You have supernaturally acute eyesight. (SInv)
You can survive without breathing.
[You are frail. (-10% HP)]


Message History

You freeze the centaur skeleton but do no damage.
The centaur skeleton barely misses you. The centaur skeleton misses you.
The centaur skeleton completely misses you.
The centaur skeleton completely misses you.
The centaur skeleton misses you. The centaur skeleton misses you.
You hit the centaur skeleton but do no damage.
You bite the centaur skeleton.
The centaur skeleton is moderately damaged.
The centaur skeleton misses you.
You hit the centaur skeleton.
The centaur skeleton is heavily damaged.
The centaur skeleton hits you but does no damage.
The centaur skeleton hits you.
* * * LOW HITPOINT WARNING * * *
You hit the centaur skeleton.
The centaur skeleton is heavily damaged.
The centaur skeleton hits you!
You die...

###.#.....##..#
.............##..#
..#.##.#.....##..#
............##..#######
..)...........[.†......#
....#...#...............#
....#...#.........#.#####
........#.....###.#.#####
...............@Z.......#
...............####.#####
.......(........###.#
..................#.#
....#............#.#
....#....(#.%....#.#
.................#.#
#................#.####
.......................#


You could see a centaur skeleton.

Vanquished Creatures
  An orc priest (D:3)
  Terence (D:2)
  Natasha (thrice) (D:2)
  Robin (D:2)
  8 adders
  2 river rats (D:3)
  An ooze (Sewer)
  4 worms
  2 leopard geckos
  3 orcs (D:3)
  2 ball pythons
  4 giant cockroaches
  12 goblins
  9 hobgoblins
  9 jackals
  A quokka (D:2)
  13 bats
  4 frilled lizards
  8 kobolds
  6 rats
94 creatures vanquished.

Notes
Turn   | Place    | Note
-------+----------+-------------------------------------------
     0 | D:1      | Erlindor the Vampire Ice Elementalist began the quest for
                  | the Orb.
     0 | D:1      | Reached XP level 1. HP: 13/13 MP: 3/3
   312 | D:1      | Reached XP level 2. HP: 20/20 MP: 1/5
   371 | D:1      | Learned a level 2 spell: Throw Frost
   739 | D:2      | Reached skill level 1 in Fighting
   916 | D:2      | Noticed Natasha
   943 | D:2      | Reached XP level 3. HP: 26/26 MP: 5/7
   948 | D:2      | Reached skill level 3 in Spellcasting
  1030 | D:2      | Killed Natasha
  1054 | D:2      | Noticed Natasha
  1078 | D:2      | Killed Natasha
  1078 | D:2      | Reached XP level 4. HP: 13/33 MP: 0/9
  1196 | D:2      | Noticed Natasha
  1256 | D:2      | Noticed Terence
  1686 | D:2      | Killed Natasha
  1686 | D:2      | Reached skill level 4 in Spellcasting
  1699 | D:2      | Noticed Robin
  1731 | D:2      | Reached XP level 5. HP: 38/38 MP: 5/11
  2356 | D:2      | Killed Terence
  2445 | D:2      | Killed Robin
  3111 | D:3      | Found a faded altar of an unknown god.
  3277 | D:3      | Found a glowing drain.
  3295 | D:3      | Reached XP level 6. HP: 18/36 MP: 2/13
  3337 | Sewer    | Entered a sewer
  3363 | Sewer    | Reached skill level 5 in Spellcasting
  4716 | D:3      | Found a runed translucent gate.
  4716 | D:3      | Found a runed translucent gate.
  4717 | D:3      | Found a runed translucent gate.
  4725 | D:3      | Noticed heinrich's ghost (amateur VSWr)
  5397 | D:4      | Slain by a centaur skeleton

Levels and vault maps discovered:
D:1:      minmay_arrival_semitransparent, layout_rooms
D:2:      layout_basic, uniq_terence, uniq_natasha, uniq_robin
D:3:      layout_basic, chequers_ecumenical_altar_simple_redux,
          gammafunk_ghost_nasty_kobolds, portal_sewer_entry_c, first_ration,
          nrook_mini_vaults, item_on_display_a
D:4:      layout_basic, chequers_hall_statues_wall_a

Skill      XL: |  1  2  3  4  5  6 |
---------------+-------------------+-----
Fighting       | 1 2 3 |  3.0
Spellcasting   | 3 4 5 |  5.2
Dodging        | |  2.1
Stealth        | |  3.0
Conjurations   | |  0.7
Ice Magic      | |  3.0

Action                   |  1- 3 |  4- 6 || total
-------------------------+-------+-------++-------
Melee: Unarmed           |     1 |     1 ||     2
       Hand axe          |     3 |    20 ||    23
       Bite              |       |     1 ||     1
 Cast: Freeze            |    35 |   107 ||   142
       Throw Frost       |     4 |    48 ||    52
 Abil: Exsanguinate      |       |     2 ||     2
       End Transformatio |       |     3 ||     3
       Bat Form          |       |     3 ||     3
       Revivify          |       |     1 ||     1
  Use: Scroll            |     3 |     5 ||     8
       Potion            |       |     1 ||     1
 Stab: Sleeping          |     1 |     1 ||     2
Armor: Robe              |     5 |    22 ||    27
Dodge: Dodged            |    19 |    86 ||   105

Table legend:
 A = Non-vault XP
 B = Vault XP
 C = Vault XP percentage of total XP
 D = Non-vault monster count
 E = Vault monster count
 F = Vault count percentage of total count
                 A         B        C        D         E       F
            +---------+---------+-------+---------+---------+-------
      Total |     270 |     216 |  44.4 |      55 |      39 |  41.5
            +---------+---------+-------+---------+---------+-------
        D:1 |      19 |       0 |   0.0 |      15 |       0 |   0.0
        D:2 |     154 |     106 |  40.8 |      22 |      13 |  37.1
        D:3 |      90 |      44 |  32.8 |      14 |       7 |  33.3
        D:4 |       7 |       0 |   0.0 |       4 |       0 |   0.0
      Sewer |       0 |      66 | 100.0 |       0 |      19 | 100.0
            +---------+---------+-------+---------+---------+-------
